AoeStats
← upvoter22

Arabia

509321723Analyzed
1v1 RM · 6d ago on Sep 26, 2026· 95m 25s· 2 players
Game mode
Random Map
Map size
Tiny (2 player)
Population
200
Speed
Normal
Resources
Standard
Victory
Conquest
Starting age
Dark Age
Ending age
Imperial Age
RankedLock teamsTeams togetherTeam positionsShared explorationLock speedFull tech treeHidden civsTurbo modeCheats
Victory
Defeat
🇷🇴 Vikings · Romania
893
+17
🇧🇴 Vikings · Bolivia
916
-17
upvoter22
5:14 Loom
10:42 Feudal Age
11:16 Double-Bit Axe
12:42 Horse Collar
12:53 Horse Collar
19:08 Castle Age
18:57 Forging
19:10 Pikeman
19:54 Scale Mail Armor
20:16 Heavy Plow
20:11 Gold Mining
21:57 Stone Mining
24:49 Bow Saw
24:56 Fletching
26:00 Bodkin Arrow
29:45 Gold Shaft Mining
31:57 Murder Holes
37:13 Imperial Age
36:15 Chieftains
37:07 Iron Casting
38:13 Chain Mail Armor
38:09 Town Watch
38:44 Squires
39:46 Blast Furnace
40:28 Two-Man Saw
40:16 Crop Rotation
41:35 Town Patrol
41:41 Bracer
41:04 Crossbowman
42:32 Arrowslits
43:06 Arbalester
43:51 Guard Tower
44:22 Ballistics
44:51 Hoardings
45:42 Padded Archer Armor
46:13 Plate Mail Armor
46:00 Masonry
46:51 Chemistry
45:20 Man-at-Arms
48:28 Leather Archer Armor
48:52 Scale Barding Armor
51:09 Architecture
50:20 Treadmill Crane
54:04 Ring Archer Armor
58:58 Elite Berserk
62:12 Chain Barding Armor
62:21 Light Cavalry
69:39 Bogsveigar
72:41 Conscription
Daniel
3:02 Loom
12:32 Feudal Age
17:09 Castle Age
16:57 Man-at-Arms
17:58 Long Swordsman
21:48 Double-Bit Axe
21:50 Horse Collar
25:09 Arson
25:26 Squires
25:29 Scale Mail Armor
25:47 Heavy Plow
27:53 Chain Mail Armor
28:20 Gold Mining
34:50 Imperial Age
33:26 Gold Shaft Mining
33:18 Bow Saw
35:00 Two-Handed Swordsman
41:00 Champion
43:38 Plate Mail Armor
48:54 Forging
52:24 Iron Casting
52:21 Stone Mining
55:21 Blast Furnace
56:26 Conscription
67:08 Elite Berserk
83:59 Two-Man Saw
83:32 Crop Rotation
82:59 Town Watch
Connection lost

Rejoining the realm…

Still unreachable

The connection could not be restored.

Session expired

The server has moved on; the page needs a fresh start.